Map: Blackpink LE

Players

axu

  • Race: Protoss Protoss
  • League: Platinum
  • Spawn Location: 7:00

Nobunaga - Winner!

  • Race: Terran Terran
  • League: Platinum
  • Spawn Location: 1:00

VOD

Have the link to the VOD?

Description

Time

  • Played on: March 7, 2018, 8:19 a.m.
  • Length: 13:55
Show
View Real Time Build Order
Export as new Build Order

axu Protoss 

Build Orders: 1 Gate Expand, Oracle Opening 

Get SALT Encoding   

  12  0:01  Probe  
  13  0:13  Probe  
  14  0:21  Pylon  
  14  0:25  Probe  
  15  0:39  Probe  
  15  0:41  Gateway  
  16  0:46  Assimilator  
  16  0:53  Probe (Chrono Boost)  
  18  1:05  Probe (Chrono Boost)  
  18  1:30  Nexus  
  18  1:40  Cybernetics Core  
  18  1:44  Probe  
  19  1:56  Assimilator, Probe  
  20  2:02  Pylon  
  20  2:13  Probe  
  20  2:14  Stalker (Chrono Boost)  
  21  2:16  Warp Gate  
  23  2:25  Probe (Chrono Boost)  
  25  2:37  Probe (Chrono Boost)  
  25  2:40  Stargate  
  25  2:44  Probe (Chrono Boost)  
  26  2:50  Stalker  
  27  2:52  Probe  
  27  2:54  Probe  
  29  3:04  Probe  
  30  3:06  Probe  
  30  3:07  Gateway  
  31  3:20  Probe x2  
  33  3:32  Pylon  
  33  3:33  Probe  
  33  3:34  Probe  
  35  3:35  Oracle (Chrono Boost)  
  38  3:42  Gateway  
  38  3:49  Probe x2  
  40  4:01  Probe x2  
  42  4:13  Probe x2  
  42  4:16  Robotics Facility  
  44  4:22  Twilight Council  
  44  4:24  Pylon  
  44  4:27  Pylon  
  44  4:58  Probe x2  
  46  5:00  Stalker x3  
  38  5:14  Void Ray (Chrono Boost)  
  36  5:23  Immortal  
  36  5:24  Stalker  
  36  5:25  Stalker  
  28  6:12  Probe x2  
  30  6:24  Probe x2 (Chrono Boost)  
  32  6:26  Void Ray  
  32  6:27  Stalker  
  32  6:28  Stalker  
  40  6:36  Probe (Chrono Boost)  
  40  6:37  Probe (Chrono Boost)  
  39  7:08  Probe x2  
  40  7:20  Probe x2  
  39  7:30  Stalker x2  
  39  7:32  Stalker, Probe  
  46  7:55  Pylon  
  46  7:57  Pylon  
  46  8:02  Pylon  
  46  8:13  Void Ray, Probe x2  
  52  8:20  Pylon  
  52  8:25  Probe (Chrono Boost)  
  52  8:26  Probe (Chrono Boost)  
  38  8:37  Probe (Chrono Boost)  
  38  8:38  Probe (Chrono Boost)  
  44  8:41  Immortal  
  44  8:43  Probe x2 (Chrono Boost)  
  44  8:46  Pylon  
  46  8:49  Stalker x2  
  46  8:51  Stalker, Probe  
  46  8:55  Probe  
  54  8:58  Assimilator  
  54  9:00  Assimilator  
  54  9:05  Probe  
  54  9:07  Charge (Chrono Boost), Probe  
  56  9:17  Probe  
  56  9:19  Probe  
  56  9:21  Observer  
  59  9:35  Zealot x3  
  59  9:37  Nexus  
  65  9:38  Pylon  
  65  9:40  Probe x2  
  65  9:41  Pylon  
  67  9:52  Probe x2  
  69  10:00  Zealot x3  
  69  10:04  Probe x2  
  76  10:16  Probe x2  
  78  10:28  Zealot x3, Probe x2  
  82  10:32  Immortal  
  89  10:39  Gateway  
  89  10:40  Probe  
  89  10:41  Gateway  
  90  10:43  Gateway  
  90  10:48  Gateway  
  90  10:55  Templar Archives  
  90  11:01  Assimilator  
  90  11:05  Assimilator  
  90  11:07  Shield Battery  
  90  11:10  Shield Battery  
  90  11:11  Observer  
  91  11:12  Forge  
  91  11:14  Forge  
  91  11:34  High Templar x2  
  91  11:35  High Templar  
  91  11:38  Archon  
  97  11:44  Stalker  
  97  11:45  Zealot x2  
  97  11:52  Immortal  
  85  12:00  Zealot  
  66  12:09  Zealot  
  66  12:10  Zealot x5  
  75  12:25  Probe x3  
  78  12:30  Zealot x4  
  78  12:31  Zealot  
  86  12:38  Probe  
  86  12:44  Probe  
  81  12:53  Zealot x4  
  81  12:54  Zealot x3  
  81  12:56  Immortal  
  68  13:19  Zealot x3  
  54  13:20  Zealot x4  
Show
View Real Time Build Order
Export as new Build Order

Nobunaga Terran - Winner!

Build Orders: Reaper Expand, MMM Bio 

Get SALT Encoding   

  12  0:01  SCV  
  13  0:13  SCV  
  14  0:18  Supply Depot  
  14  0:25  SCV  
  15  0:30  Refinery  
  15  0:41  Barracks  
  15  0:45  SCV  
  16  0:57  SCV  
  17  1:09  SCV  
  18  1:21  SCV  
  19  1:29  Reaper  
  20  1:34  Orbital Command  
  20  1:46  Command Center  
  20  1:58  Factory  
  20  2:04  Refinery  
  20  2:12  Barracks Reactor  
  20  2:17  SCV  
  20  2:19  Supply Depot  
  21  2:31  SCV  
  22  2:43  SCV  
  23  2:55  SCV  
  24  3:00  Cyclone x2  
  24  3:03  Orbital Command  
  30  3:17  SCV  
  31  3:29  SCV  
  31  3:32  Cyclone, SCV  
  36  3:36  Supply Depot  
  36  3:41  SCV  
  36  3:44  SCV  
  36  3:45  Cyclone  
  41  3:53  Starport  
  41  3:55  SCV  
  42  3:56  SCV  
  42  3:58  Barracks Tech Lab  
  42  4:02  Supply Depot  
  43  4:07  SCV  
  43  4:08  SCV  
  47  4:10  Widow Mine  
  47  4:19  SCV  
  47  4:20  SCV  
  49  4:29  Stimpack  
  49  4:31  SCV  
  49  4:32  SCV  
  49  4:33  Supply Depot  
  47  4:59  Engineering Bay  
  45  5:18  SCV x2  
  47  5:30  SCV x2  
  49  5:44  SCV x2  
  49  5:47  Missile Turret  
  42  5:55  Factory Tech Lab  
  42  5:56  SCV  
  42  5:57  SCV  
  40  6:06  Missile Turret, Viking  
  40  6:07  Barracks x2  
  40  6:08  Barracks, SCV  
  40  6:09  SCV  
  42  6:21  SCV x2  
  42  6:22  Refinery  
  44  6:33  SCV x2  
  44  6:36  Command Center  
  46  6:44  Factory Reactor  
  44  6:58  Marine x2  
  43  7:16  Marine x2  
  43  7:17  Missile Turret  
  43  7:28  SCV  
  43  7:29  SCV  
  45  7:31  Marine x2  
  45  7:33  Cyclone  
  45  7:34  Marine x2  
  52  7:41  Refinery, SCV  
  53  7:44  Supply Depot  
  53  7:45  SCV  
  53  7:46  Supply Depot  
  53  7:47  Missile Turret  
  53  7:48  Medivac, Marine  
  53  7:49  Marine  
  58  7:52  Marine x2  
  58  7:53  SCV  
  61  8:02  SCV  
  61  8:05  SCV  
  63  8:06  Marine x2  
  63  8:09  Marine  
  63  8:10  Marine  
  55  8:28  Marauder, Marine x3  
  60  8:38  Cyclone x2  
  60  8:39  Medivac  
  60  8:40  SCV x2  
  70  8:46  Marine  
  70  8:47  Terran Infantry Weapons Level 1  
  73  8:49  Marauder  
  73  8:52  SCV x2  
  73  8:53  Missile Turret  
  75  9:01  Orbital Command  
  75  9:03  Marine  
  75  9:07  Armory, SCV x2  
  78  9:11  Marauder  
  78  9:14  Missile Turret  
  78  9:15  Supply Depot, Marine x2  
  82  9:17  Cyclone x2  
  82  9:19  SCV  
  82  9:21  Marine, SCV  
  91  9:28  Orbital Command, Barracks  
  91  9:32  Marine  
  92  9:44  Barracks  
  92  9:45  Missile Turret  
  92  9:47  Concussive Shells, Combat Shields  
  92  9:49  Missile Turret  
  92  9:51  Barracks Reactor x2  
  92  9:52  Marauder x2  
  96  10:11  SCV, Sensor Tower  
  96  10:12  SCV x2  
  96  10:13  Marine x2  
  101  10:17  Cyclone  
  101  10:18  Cyclone  
  107  10:23  SCV  
  107  10:24  SCV  
  109  10:34  Missile Turret  
  109  10:41  Barracks Reactor  
  109  10:42  Supply Depot  
  109  10:48  Terran Vehicle Weapons Level 1  
  109  10:52  Terran Infantry Armor Level 1  
  109  10:58  Barracks Tech Lab  
  109  11:04  Marine x2, SCV x3  
  110  11:05  Supply Depot x2  
  110  11:09  Supply Depot  
  110  11:10  Supply Depot  
  114  11:14  Supply Depot  
  114  11:16  SCV x3  
  117  11:26  Marine x2  
  117  11:27  Marine  
  117  11:28  Marauder, Marine x3, SCV  
  117  11:30  Refinery, Cyclone x2  
  117  11:31  Medivac x2  
  136  11:44  Marine x2  
  136  11:45  Marine x2  
  136  11:46  Marine x2  
  137  11:49  Marine  
  119  12:02  Marauder x2, Cyclone  
  119  12:03  Marine  
  127  12:09  Marine  
  127  12:10  Marauder, Marine x2  
  132  12:21  Marine  
  127  12:23  Marauder  
  127  12:24  Marauder  
  127  12:27  Marine x3  
  134  12:30  Marine  
  129  12:54  Marine x7  
  131  13:12  Marine x4  
  129  13:24  Marine x3  
  138  13:29  Marine  
  138  13:30  Marine  
  134  13:35  Marine x2  
  134  13:40  Engineering Bay  
Tags
 
Add a new tag
Caveats
  • Supply blocks, unpowered buildings, or Contaminate may cause inaccurate times.
  • Supply counts are checked every 10 seconds.